 Dungeon Crawl Stone Soup version 0.30.1-11-g7821555f0a (webtiles) character file.

Game seed: 16069099804573357166

6511 BigPumpCobain the Fighter (level 11, -1/71 HPs)
             Began as a Gargoyle Berserker on Dec 3, 2023.
             Was an Elder of Trog.
             Slain by a boulder beetle (10 damage)
             ... on level 8 of the Dungeon.
             The game lasted 00:18:23 (6824 turns).

BigPumpCobain the Fighter (Gargoyle Berserker)      Turns: 6824, Time: 00:18:24

Health: -1/71      AC: 27    Str: 26    XL:     11   Next: 0%
Magic:  0/11       EV: 11    Int:  7    God:    Trog [****..]
Gold:   368        SH:  0    Dex:  9    Spells: 10/10 levels left

rFire   + . .        s - +5 mace (protect)
rCold   . . .        (no shield)
rNeg    + . .        G - +0 chain mail
rPois   ∞            x - +1 hat
rElec   +            (no cloak)
rCorr   .            (no gloves)
SInv    .            (no boots)
Will    ++...        y - amulet of guardian spirit Stlth
                     c - ring of protection from fire
HPRegen 1.31/turn    h - ring of flight
MPRegen 0.12/turn

%: guardian spirit
@: strong-willed, under a protective aura, flying, regenerating
A: sickness immunity, AC +8, negative energy resistance 1, electricity
resistance, torment resistance 1, petrification resistance
a: Renounce Religion, Berserk, Trog's Hand, Brothers in Arms


You were on level 8 of the Dungeon.
You worshipped Trog.
Trog was greatly pleased with you.
You visited 1 branch of the dungeon, and saw 8 of its levels.

You collected 368 gold pieces.

Inventory:

Hand Weapons
 a - a +0 mace
 q - a +0 flail
 r - the +4 sling of Doofob {elec, Fragile Fly Int+4 Stlth+}
   (You found it on level 3 of the Dungeon)

   Int:       It affects your intelligence (+4).
   Fly:       It grants you flight.
   Fragile:   It will be destroyed if unequipped.
   Stlth:     It makes you more stealthy.
 s - a +5 mace of protection (weapon)
Armour
 b - a +0 animal skin
 i - a +0 ring mail
 x - a +1 hat (worn)
 G - a +0 chain mail (worn)
Jewellery
 c - a ring of protection from fire (left hand)
 f - a ring of magical power
 h - a ring of flight (right hand)
 y - an amulet of guardian spirit (around neck)
 F - a ring of resist corrosion
Wands
 B - a wand of flame (10)
 I - a wand of polymorph (9)
Scrolls
 d - 2 scrolls of fog {unknown}
 e - 2 scrolls of blinking {unknown}
 j - a scroll of fear {unknown}
 k - 4 scrolls of teleportation {unknown}
 l - 3 scrolls of identify {unknown}
 m - 2 scrolls of vulnerability {unknown}
 u - 3 scrolls of enchant weapon {unknown}
 w - a scroll of noise {unknown}
 A - 2 scrolls of enchant armour {unknown}
 D - 3 scrolls of amnesia {unknown}
Potions
 g - 3 potions of degeneration
 n - 4 potions of curing
 o - 2 potions of lignification {unknown}
 p - a potion of brilliance {unknown}
 t - 2 potions of mutation {unknown}
 v - 3 potions of heal wounds {unknown}
 z - a potion of resistance {unknown}
 C - a potion of cancellation {unknown}
 E - a potion of berserk rage {unknown}
 H - 2 potions of magic {unknown}


   Skills:
 + Level 9.6 Fighting
 + Level 8.8 Maces & Flails
 + Level 9.3 Armour
 + Level 7.1 Dodging


You had 10 spell levels left.
You didn't know any spells.
Your spell library was empty.

Dungeon Overview and Level Annotations

Branches:
Dungeon (8/15)             Temple (0/1) D:4
   Lair: D:8-11

Altars:
Ashenzari
Qazlal

Shops:
D:5 !==:

Annotations:
D:7 3 runed translucent doors, middlethird's ghost, novice VSTm; strifetoe's ghost, novice OgFE


Innate Abilities, Weirdness & Mutations

You are immune to sickness and miasma.
Your stone body is resilient. (AC +8)
You are immune to poison.
You resist negative energy. (rN+)
You are resistant to electric shocks. (rElec)
You are resistant to unholy torment.
You are immune to petrification.


Message History

You are too injured to fight recklessly!
You are too injured to fight recklessly!
You are too injured to fight recklessly!
You are too injured to fight recklessly!
You are too injured to fight recklessly!
You barely miss the boulder beetle.
The boulder beetle is heavily wounded.
An acid dragon comes into view.
The boulder beetle bites you but does no damage.
The acid dragon roars!
You hit the boulder beetle but do no damage.
The boulder beetle is heavily wounded.
The acid dragon spits acid at you. The splash of acid hits you.
* * * LOW HITPOINT WARNING * * *
The boulder beetle bites you but does no damage.
You hit the boulder beetle but do no damage.
The boulder beetle is heavily wounded.
The wight hits you but does no damage. The boulder beetle closely misses you.
You hit the boulder beetle but do no damage.
The boulder beetle is heavily wounded.
You thump the boulder beetle!
The boulder beetle is heavily wounded.
The acid dragon spits acid at you. The splash of acid misses you.
The wight hits you with a +0 hand axe!
* * * LOW HITPOINT WARNING * * *
The boulder beetle misses you.
You hit the boulder beetle.
The boulder beetle is severely wounded.
The wight barely misses you.
The boulder beetle waves its antennae.
The boulder beetle bites you.
* * * LOW HITPOINT WARNING * * *
You hit the boulder beetle but do no damage.
The boulder beetle is severely wounded.
The wight hits you but does no damage. The boulder beetle bites you.
* * * LOW HITPOINT WARNING * * *
The wight attacks as you move away! The wight completely misses you.
The boulder beetle bites you!
You die...

#.# #.# #># #..#
#.# #.# #..( #.#
#.# #..##.# #.#
....# #.# #..## #.#
#...# #.#
#.#.#####.#######
#.#..Dz@[.).......#
#....)B.###.#####.#
#.##....# #.# #.#
#.. ##.#.# #.# #.#
#.. #.#.# #.# #.#
..# #.#.# #.# #.#
#.#.# #.# #)#
..#.##.#.#
#.#####.#
#.#.##.#.#
#.....#)#


You could see a boulder beetle, an acid dragon and a wight.

Vanquished Creatures
  A centaur warrior (D:8)
  A two-headed ogre (D:8)
  Pikel (D:5)
  An ugly thing (D:8)
  A cyclops (D:8)
  2 trolls
  A wraith (D:8)
  A wyvern (D:8)
  A steam dragon (D:7)
  A vampire mosquito (D:8)
  An acid dragon (D:8)
  2 water moccasins
  An orc warrior (D:6)
  A sky beast (D:6)
  2 ice beasts
  3 centaurs (D:8)
  A phantom (D:6)
  A lemure (D:5)
  4 kobold brigands
  6 bullfrogs
  6 scorpions
  6 killer bees
  A hound (D:6)
  6 orc priests
  A sleepcap (D:8)
  A gnoll bouda (D:7)
  3 iguanas
  8 orc wizards
  5 gnolls (D:7)
  13 adders
  A shadow imp (D:8)
  4 white imps
  2 ufetubi (D:5)
  A worm (D:4)
  A dart slug (D:3)
  30 orcs
  8 endoplasms
  5 giant cockroaches
  4 goblins
  3 hobgoblins
  10 jackals
  5 quokkas
  18 ball pythons
  5 bats
  4 frilled lizards
  16 kobolds
  7 rats
207 creatures vanquished.

Notes
Turn   | Place    | Note
-------+----------+-------------------------------------------
     0 | D:1      | BigPumpCobain the Gargoyle Berserker began the quest for
                  | the Orb.
     0 | D:1      | Reached XP level 1. HP: 14/14 MP: 1/1
    26 | D:1      | Found a faded altar of an unknown god.
   295 | D:1      | Reached XP level 2. HP: 19/19 MP: 2/2
   600 | D:1      | Reached XP level 3. HP: 23/23 MP: 3/3
   829 | D:2      | Reached ** piety under Trog
  1385 | D:2      | HP: 1/36 [frozen (4)]
  1387 | D:2      | Reached XP level 4. HP: 2/29 MP: 4/4
  2147 | D:3      | Identified the +4 sling of Doofob {elec, Fragile Fly Int+4
                  | Stlth+}
  2267 | D:3      | Found a broken altar of Ashenzari.
  2385 | D:3      | Reached XP level 5. HP: 33/33 MP: 5/5
  2910 | D:4      | Found a staircase to the Ecumenical Temple.
  3000 | D:4      | Reached *** piety under Trog
  3575 | D:5      | Entered Level 5 of the Dungeon
  3575 | D:5      | Found Otujoul's Jewellery Boutique.
  3631 | D:5      | Reached XP level 6. HP: 39/39 MP: 6/6
  3633 | D:5      | Found Kisog's Distillery.
  3731 | D:5      | Noticed Pikel
  3748 | D:5      | Killed Pikel
  3749 | D:5      | Reached skill level 5 in Fighting
  3749 | D:5      | Reached skill level 5 in Maces & Flails
  3749 | D:5      | Reached XP level 7. HP: 36/44 MP: 5/7
  3753 | D:5      | Reached skill level 5 in Armour
  3756 | D:5      | Found Tapsoblukea's Jewellery Emporium.
  3785 | D:5      | Reached XP level 8. HP: 40/51 MP: 8/8
  4049 | D:5      | Found a stormy altar of Qazlal.
  4078 | D:5      | Found Atep's Book Emporium.
  4639 | D:6      | Reached XP level 9. HP: 43/56 MP: 6/9
  4720 | D:6      | Reached **** piety under Trog
  4727 | D:6      | Reached skill level 5 in Dodging
  5060 | D:7      | Noticed a troll
  5072 | D:7      | Killed a troll
  6104 | D:7      | Found a runed translucent gate.
  6104 | D:7      | Found a runed translucent gate.
  6105 | D:7      | Found a runed translucent gate.
  6107 | D:7      | Noticed middlethird's ghost (novice VSTm)
  6107 | D:7      | Noticed strifetoe's ghost (novice OgFE)
  6371 | D:8      | Reached XP level 10. HP: 64/64 MP: 8/10
  6402 | D:8      | Noticed a cyclops
  6418 | D:8      | Killed a cyclops
  6530 | D:8      | Noticed a cyan ugly thing
  6545 | D:8      | Killed a cyan ugly thing
  6595 | D:8      | Noticed a two-headed ogre
  6623 | D:8      | Killed a two-headed ogre
  6681 | D:8      | Noticed a centaur warrior
  6693 | D:8      | Killed a centaur warrior
  6694 | D:8      | Reached XP level 11. HP: 40/71 MP: 4/11
  6775 | D:8      | Noticed a boulder beetle
  6824 | D:8      | Slain by a boulder beetle

Illustrated notes

Levels and vault maps discovered:
D:1:      minmay_arrival_stair_chambers, layout_loops_ring,
          ebering_ecumenical_altar_abandoned, hex_medium,
          chequers_serial_rivers_small_b
D:2:      layout_loops_corners, amethyst_killhole, minmay_shallow_snake_nest
D:3:      layout_rooms, mainiacjoe_overflow_tiny_flanked, nicolae_eternal_life,
          serial_bayou_pond_b, serial_bayou_pond_a
D:4:      layout_loops_corners, minmay_temple_entry_arrows
D:5:      layout_loops_ring, nicolae_qazlal_scattered_showers, serial_shops,
          nicolae_shop_hallway_stairs, nicolae_shop_trees,
          nicolae_shop_statue_plus, shop, uniq_pikel
D:6:      layout_rooms, minmay_hedge_maze, grunt_ministairs_5
D:7:      layout_gridville, gammafunk_ghost_cemetery
D:8:      minmay_the_grid_octo_tiled_octocenter [minmay_the_grid_octo_horde,
          minmay_the_grid_octo_toaster, minmay_the_grid_octo_odd_swirl,
          minmay_the_grid_octo_77, minmay_the_grid_octo_prize_star,
          minmay_the_grid_square_5x5_sharp_hourglass,
          minmay_the_grid_square_5x5_beaten_path,
          minmay_the_grid_square_5x5_inset,
          minmay_the_grid_square_5x5_shuriken], layout_loops_ring,
          nicolae_tso_besieged_by_evil, lemuel_zombie_altar_yredelemnul,
          david_lair_shrubbed, minmay_sticks_and_stones

Skill      XL: |  1  2  3  4  5  6  7  8  9 10 |
---------------+-------------------------------+-----
Dodging        | 2 3 4 6 7 |  7.1
Armour         | 3 4 5 6 7 9 |  9.3
Fighting       | 4 5 6 8 9 |  9.6
Maces & Flails | 4 5 6 7 8 |  8.8

Action                     |  1- 3 |  4- 6 |  7- 9 | 10-12 || total
---------------------------+-------+-------+-------+-------++-------
  Melee: Mace              |   116 |   210 |   359 |   166 ||   851
         Punch             |       |     1 |     6 |     1 ||     8
 Invoke: Berserk           |     1 |     1 |     2 |     4 ||     8
         Trog's Hand       |       |       |     2 |     4 ||     6
    Use: Potion            |       |       |     1 |     1 ||     2
 Armour: Animal skin       |    17 |       |       |       ||    17
         Ring mail         |    29 |   109 |   100 |       ||   238
         Skin              |     1 |       |       |       ||     1
         Chain mail        |       |       |   316 |   169 ||   485
  Dodge: Dodged            |    87 |   119 |   340 |   137 ||   683
